 Dungeon Crawl Stone Soup version 0.23-a0-54-gae6112e33f (webtiles) character file.

2184 GordonOverkill the Merchant of Misery (level 9, -2/64 HPs)
             Began as a Mummy Necromancer on Aug 8, 2018.
             Was a Believer of Kikubaaqudgha.
             Splashed by a crimson imp's acid (14 damage)
             ... on level 7 of the Dungeon.
             The game lasted 00:22:20 (8794 turns).

GordonOverkill the Merchant of Misery (MuNe)        Turns: 8794, Time: 00:22:20

Health: -2/64      AC:  5    Str: 18    XL:     9   Next: 11%
Magic:  19/19      EV: 11    Int: 18    God:    Kikubaaqudgha [**....]
Gold:   319        SH:  7    Dex: 12    Spells: 13/22 levels left

rFire    . . .     SeeInvis +   w - +5 hand axe
rCold    + + .     Gourm    .   s - +2 buckler {reflect}
rNeg     + + +     Faith    .   k - +0 ring mail
rPois    ∞         Spirit   .   p - +0 helmet
rElec    .         Reflect  +   c - scarf {rC+ rF+}
rCorr    .         Harm     .   j - +1 pair of gloves {Str+3}
MR       +....                  u - +0 pair of boots
Stlth    +.........             (no amulet)
HPRegen  0.20/turn              e - ring of see invisible
MPRegen  0.16/turn              y - +4 ring of strength

@: corroded
A: no food or potions, fire vulnerability, cold resistance 1, negative energy
resistance 3, torment resistance, unbreathing
a: Receive Corpses, Renounce Religion


You were on level 7 of the Dungeon.
You worshipped Kikubaaqudgha.
Kikubaaqudgha was pleased with you.
You were not hungry.

You visited 2 branches of the dungeon, and saw 8 of its levels.

You collected 319 gold pieces.

Inventory:

Hand Weapons
 o - a +1 whip of draining
 t - a +4 spear
 w - a +5 hand axe (weapon)
Missiles
 d - 193 stones (quivered)
 g - 16 javelins
Armour
 c - a scarf of resistance (worn)
 j - a +1 pair of gloves of strength (worn)
 k - a +0 ring mail (worn)
 l - a scarf of cloud immunity
 p - a +0 helmet (worn)
 s - a +2 buckler of reflection (worn)
 u - a +0 pair of boots (worn)
Jewellery
 e - a ring of see invisible (left hand)
 r - an uncursed ring of resist corrosion
 y - a +4 ring of strength (right hand)
Wands
 v - a wand of clouds (3)
 x - a wand of digging (16)
Scrolls
 a - 3 scrolls of teleportation
 b - a scroll of amnesia
 f - 10 scrolls of remove curse
 h - a scroll of magic mapping
 i - a scroll of fog
 n - a scroll of fear
 q - a scroll of identify


   Skills:
 + Level 3.4 Fighting
 - Level 2.0 Dodging
 - Level 2.0 Stealth
 + Level 4.7 Shields
 + Level 7.1 Spellcasting
 * Level 8.9 Necromancy


You had 13 spell levels left.
You knew the following spells:

 Your Spells              Type           Power        Failure   Level  Hunger
a - Pain                  Necr           ####         1%          1    N/A
b - Animate Skeleton      Necr           N/A          1%          1    N/A
c - Vampiric Draining     Necr           #####.....   1%          3    N/A
d - Animate Dead          Necr           N/A          4%          4    N/A

Your spell library contained the following spells:

 Spells                   Type           Power        Failure   Level  Hunger
 Confuse                  Hex            #.......     50%         3    N/A
 Regeneration             Chrm/Necr      ###.......   9%          3    N/A
 Tukima's Dance           Hex            #.......     50%         3    N/A
 Corpse Rot               Necr           N/A          1%          2    N/A
 Ensorcelled Hibernation  Hex/Ice        #.....       28%         2    N/A
 Corona                   Hex            #......      19%         1    N/A
 Dazzling Spray           Conj/Hex       #.....       50%         3    N/A

Dungeon Overview and Level Annotations

Branches:
Dungeon (7/15)             Temple (1/1) D:4

Altars:
Ashenzari
Cheibriados
Elyvilon
Gozag
Kikubaaqudgha
Makhleb
Nemelex Xobeh
Okawaru
Qazlal
Sif Muna
Trog
Uskayaw
Vehumet
Xom
Yredelemnul
Zin
The Shining One


Innate Abilities, Weirdness & Mutations

You do not eat or drink.
Your flesh is vulnerable to fire.
You are immune to poison.
Your flesh is cold resistant. (rC+)
You are immune to negative energy. (rN+++)
You are immune to unholy pain and torment.
You can survive without breathing.


Message History

Items here: ( ) †† 20 arrows; a shortbow; a leopard gecko corpse; a centaur corpse You miss the crimson imp.
The crimson imp hits you but does no damage.
You miss the crimson imp.
The crimson imp blinks!
The crimson imp zaps a wand.
The bolt of acid hits you!
You are splashed with acid!
The acid burns!
The crimson imp hits you.
You hit the crimson imp.
The crimson imp is moderately wounded.
The crimson imp zaps a wand.
The bolt of acid hits you!
You are splashed with acid!
The acid burns!
* * * LOW HITPOINT WARNING * * *
You are too injured to fight recklessly!
You are too injured to fight recklessly!
You are too injured to fight recklessly!
The crimson imp zaps a wand.
The bolt of acid hits you!
* * * LOW HITPOINT WARNING * * *
The acid corrodes you!
You are splashed with acid!
The acid burns!
You die...
Kikubaaqudgha rasps: "You have failed me!
Welcome... oblivion!"

#. .#.... ..
...#.. # ..
..... #. #.
.... #.
###.##.
...#...
.......
.#.....
#...5#.......
#......#
##@##### #(#
#.# #<# #.#
#.# ... #..
..##


You could see a crimson imp.

Vanquished Creatures
  A yak (D:4)
  A black bear (D:6)
  3 ice beasts
  2 phantoms
  An ogre (D:4)
  A centaur (D:7)
  A water moccasin zombie (D:6)
  A scorpion (D:7)
  5 wights
  An electric eel (D:6)
  A crimson imp (D:6)
  A bullfrog zombie (D:5)
  A jelly (D:5)
  A gnoll shaman (D:6)
  A hound (D:4)
  Jessica (D:2)
  A bullfrog skeleton (D:5)
  Terence (D:1)
  2 iguanas
  An orc wizard (D:3)
  5 worker ants
  A hound zombie (D:5)
  2 hound skeletons
  A worker ant zombie (D:6)
  11 adders
  8 gnolls
  3 shadow imps
  An adder zombie (D:5)
  3 worms
  2 dart slugs
  8 leopard geckos
  8 orcs
  A bat (D:2)
  2 giant cockroaches
  6 goblins
  5 hobgoblins
  12 jackals
  9 kobolds
  3 quokkas
  2 ball pythons
  3 frilled lizards
  A leopard gecko zombie (D:6)
  9 rats
134 creatures vanquished.

Vanquished Creatures (collateral kills)
  2 ogres (D:4)
  A jelly (D:5)
  A shadow imp (D:5)
  An adder zombie (D:4)
  A worm (D:2)
  A ball python (D:4)
  A kobold (D:2)
8 creatures vanquished.

Vanquished Creatures (others)
  A centaur (D:5)
  A leopard gecko (D:7)
2 creatures vanquished.

Grand Total: 144 creatures vanquished

Notes
Turn   | Place    | Note
-------+----------+-------------------------------------------
     0 | D:1      | GordonOverkill the Mummy Necromancer began the quest for the Orb.
     0 | D:1      | Reached XP level 1. HP: 13/13 MP: 4/4
   325 | D:1      | Reached XP level 2. HP: 20/20 MP: 1/5
   591 | D:1      | Learned a level 1 spell: Animate Skeleton
  1275 | D:2      | Noticed Terence
  1291 | D:1      | Killed Terence
  1291 | D:1      | Reached skill level 1 in Fighting
  1292 | D:1      | Reached XP level 3. HP: 22/26 MP: 0/7
  1535 | D:2      | Noticed Jessica
  1542 | D:2      | Killed Jessica
  1542 | D:2      | Reached XP level 4. HP: 26/32 MP: 0/9
  1971 | D:2      | Reached skill level 5 in Necromancy
  2082 | D:2      | Reached XP level 5. HP: 38/38 MP: 6/10
  2198 | D:2      | Learned a level 3 spell: Vampiric Draining
  2203 | D:2      | Learned a level 4 spell: Animate Dead
  2919 | D:3      | Found a faded altar of an unknown god.
  3422 | D:4      | Reached XP level 6. HP: 44/46 MP: 3/12
  3744 | D:4      | Found a staircase to the Ecumenical Temple.
  3788 | Temple   | Entered the Ecumenical Temple
  3859 | Temple   | Became a worshipper of Kikubaaqudgha
  4151 | D:5      | Entered Level 5 of the Dungeon
  4227 | D:5      | Reached skill level 6 in Necromancy
  4329 | D:5      | Noticed an ice beast
  4348 | D:4      | Killed an ice beast
  4478 | D:5      | Reached XP level 7. HP: 52/52 MP: 6/14
  4579 | D:5      | Found a hide-covered altar of Uskayaw.
  4676 | D:5      | Reached skill level 5 in Spellcasting
  4711 | D:5      | Found a glowing golden altar of the Shining One.
  4786 | D:5      | Noticed a yak
  4992 | D:5      | Reached skill level 1 in Shields
  5559 | D:4      | Killed a yak
  5559 | D:4      | Reached skill level 7 in Necromancy
  5718 | D:4      | Reached XP level 8. HP: 39/58 MP: 9/16
  5864 | D:5      | Reached * piety under Kikubaaqudgha
  5864 | D:5      | Identified Kikubaaqudgha's Collected Works on Black Magic (Kikubaaqudgha gifted it to you on level 5 of the Dungeon)
  5864 | D:5      | Received a gift from Kikubaaqudgha
  6043 | D:5      | Found an iron altar of Okawaru.
  6740 | D:5      | Reached skill level 8 in Necromancy
  8030 | D:6      | Found an opulent altar of Gozag.
  8216 | D:6      | Reached XP level 9. HP: 55/64 MP: 19/19
  8276 | D:6      | Found a white marble altar of Elyvilon.
  8622 | D:7      | Reached ** piety under Kikubaaqudgha
  8794 | D:7      | Splashed by a crimson imp's acid

Vault maps used:
D:1:      dpeg_arrival_boxorama
D:2:      first_ration, uniq_jessica, uniq_terence
D:3:      chequers_ecumenical_altar_lobes
D:4:      minmay_temple_entry_junction
D:5:      cheibrodos_fzero, nicolae_tso_carved_into_rock,
          kennysheep_okawaru_gauntlet, nicolae_overflow_hidden_temple,
          lemuel_crystal_altar
D:6:      old_standard_altar, old_standard_altar, serial_undead,
          serial_undead_d, serial_undead_b, serial_undead_b, serial_undead_a,
          kennysheep_dice
D:7:      enter_ossuary_3, grunt_ogre_cave, amethyst_killhole,
          minmay_misc_feat_more_columns
Temple:   eino_temple_scatter_basement

Skill      XL: |  1  2  3  4  5  6  7  8 |
---------------+-------------------------+-----
Spellcasting   | 3 4 5 7 |  7.1
Fighting       | 1 2 3 |  3.4
Stealth        | 2 |  2.0
Dodging        | 2 |  2.0
Necromancy     | 5 6 7 8 |  8.9
Shields        | 2 4 |  4.7

Action                   |  1- 3 |  4- 6 |  7- 9 || total
-------------------------+-------+-------+-------++-------
Melee: Club              |     1 |       |       ||     1
       Whip              |    31 |    67 |   154 ||   252
       Hand axe          |       |       |   150 ||   150
Throw: Stone             |     1 |    13 |     5 ||    19
 Cast: Pain              |    54 |   124 |    68 ||   246
       Animate Skeleton  |     6 |    12 |    10 ||    28
       Animate Dead      |       |     3 |     4 ||     7
       Vampiric Draining |       |       |    16 ||    16
  Use: Scroll            |       |     6 |     5 ||    11
 Stab: Distracted        |       |     2 |       ||     2
Armor: Robe              |     3 |       |       ||     3
       Ring mail         |    13 |    63 |   118 ||   194
Dodge: Dodged            |    27 |    71 |   139 ||   237
Block: Buckler           |       |       |    99 ||    99
       Reflection        |       |       |     4 ||     4

Table legend:
 A = Spawn XP
 B = Non-spawn XP
 C = Spawn XP percentage of total XP
 D = Spawn monster count
 E = Non-spawn monster count
 F = Spawn count percentage of total count
 G = Total turns spent on level
                    A         B        C        D         E        F      G
               +---------+---------+-------+---------+---------+-------+---------
         Total |       0 |    3120 |   0.0 |       0 |     144 |   0.0 |  8794
               +---------+---------+-------+---------+---------+-------+---------
           D:1 |       0 |      73 |   0.0 |       0 |      21 |   0.0 |  1479
           D:2 |       0 |     141 |   0.0 |       0 |      24 |   0.0 |   829
           D:3 |       0 |      78 |   0.0 |       0 |      16 |   0.0 |   984
           D:4 |       0 |     819 |   0.0 |       0 |      19 |   0.0 |  1844
           D:5 |       0 |     928 |   0.0 |       0 |      32 |   0.0 |  1858
           D:6 |       0 |     895 |   0.0 |       0 |      28 |   0.0 |  1679
           D:7 |       0 |     186 |   0.0 |       0 |       4 |   0.0 |    36
               +---------+---------+-------+---------+---------+-------+---------
